 Dungeon Crawl Stone Soup version 0.28-a0-834-g1a73be5ee4 (webtiles) character file.

Game seed: 14151716620663079148

3037 Ijustatesigmund the Fighter (level 9, 0/60 HPs)
             Began as a Gargoyle Fighter on Nov 11, 2021.
             Killed from afar by an orc wizard (1 damage)
             ... with a puff of flame
             ... on level 8 of the Dungeon.
             The game lasted 00:10:32 (8844 turns).

Ijustatesigmund the Fighter (Gargoyle Fighter)      Turns: 8844, Time: 00:10:33

Health: 0/60       AC: 17    Str: 21    XL:     9   Next: 86%
Magic:  9/9        EV: 28    Int: 11    God:
Gold:   395        SH:  5    Dex:  9    Spells: 8/8 levels left

rFire   + + .      SeeInvis .   r - +0 mace (protect)
rCold   + . .      Faith    .   c - +0 buckler
rNeg    + . .      Spirit   .   b - +0 scale mail
rPois   ∞          Reflect  .   (no helmet)
rElec   +          Harm     .   s - +0 cloak {Will+}
rCorr   +          Rampage  .   i - +0 pair of gloves
Will    +....                   (no boots)
Stlth   ..........              y - amulet of the acrobat
HPRegen 0.20/turn               e - ring of protection from fire
MPRegen 0.11/turn               x - +4 ring of evasion

@: resistant, on berserk cooldown, acrobatic, flying, hasted and slowed
A: sickness immunity, AC +6, negative energy resistance 1, electricity
resistance, torment resistance 1, petrification resistance
a: no special abilities


You were on level 8 of the Dungeon.
You visited 2 branches of the dungeon, and saw 9 of its levels.

You collected 395 gold pieces.

Inventory:

Hand Weapons
 a - a +0 flail
 r - a +0 mace of protection (weapon)
Missiles
 g - 4 silver javelins (quivered)
 n - 33 poisoned darts
Armour
 b - a +0 scale mail (worn)
 c - a +0 buckler (worn)
 i - a +0 pair of gloves (worn)
 s - a +0 cloak of willpower (worn)
Jewellery
 e - a ring of protection from fire (left hand)
 h - a ring of fire
 x - a +4 ring of evasion (right hand)
 y - an amulet of the acrobat (around neck)
Wands
 l - a wand of iceblast (11)
 m - a wand of flame (76)
 u - a wand of polymorph (3)
 v - a wand of paralysis (14)
Scrolls
 p - a scroll of fear
 w - a scroll of teleportation
Potions
 d - 3 potions of might
 f - 2 potions of haste
 j - 4 potions of resistance
 k - a potion of flight
 q - a potion of cancellation {unknown}
 t - a potion of attraction {unknown}
 z - a potion of brilliance {unknown}


   Skills:
 + Level 9.2 Fighting
 + Level 8.1 Maces & Flails
 + Level 7.3 Armour
 + Level 6.1 Shields


You had 8 spell levels left.
You didn't know any spells.
Your spell library contained the following spells:

 Spells                   Type           Power      Damage    Failure   Level
 Summon Forest            Summ/Tloc      0%         N/A       100%        5
 Eringya's Noxious Bog    Tmut/Pois      0%         N/A       100%        6
 Summon Hydra             Summ           0%         N/A       100%        7


Dungeon Overview and Level Annotations

Branches:
Dungeon (8/15)             Temple (1/1) D:5
   Lair: D:8-11

Altars:
Ashenzari
Cheibriados
Dithmenos
Fedhas
Gozag
Hepliaklqana
Kikubaaqudgha
Makhleb
Nemelex Xobeh
Qazlal
Uskayaw
Vehumet
Wu Jian
Xom
Yredelemnul
Zin
The Shining One
Lugonu

Shops:
D:4 !=*(


Innate Abilities, Weirdness & Mutations

You are immune to sickness and miasma.
Your stone body is resilient. (AC +6)
You are immune to poison.
You resist negative energy. (rN+)
You are resistant to electric shocks. (rElec)
You are resistant to unholy torment.
You are immune to petrification.


Message History

The wight hits you with a +4 hand axe.
* * * LOW HITPOINT WARNING * * *
The wight closely misses you.
It was a potion of flight.
You feel very buoyant.
You fly up into the air.
You block something's attack. The wight closely misses you.
You block the wight's attack.
It was a potion of berserk rage.
A red film seems to cover your vision as you go berserk!
You feel yourself moving faster!
You feel mighty! Something hits you but does no damage.
The wight hits you but does no damage.
You closely miss the wight.
The wight is severely damaged.
The wight closely misses you.
You hit the wight.
The wight is almost destroyed.
Something barely misses you. The wight hits you but does no damage.
You block the wight's attack.
The orc priest mumbles some strange prayers to Beogh against you.
Beogh smites you!
* * * LOW HITPOINT WARNING * * *
Unknown command.
You thump the wight!
You destroy the wight!
Something hits you but does no damage.
A wight comes into view. It is wielding a +0 morningstar.
The wight completely misses you.
Items here: )) [[.
You feel a strong urge to attack something.
A magic dart appears from out of thin air!
The magic dart hits you but does no damage.
The wight completely misses you.
Found 20 sling bullets.
You feel your anger nearly subside.
You are no longer berserk.
You are exhausted.
You feel yourself slow down.
Your extra speed is starting to run out.
A puff of flame appears from out of thin air!
The puff of flame hits you. You resist.
You die...

#o# .(# #.#
#..### #o# .....#
.#..###{####..#.#
......z<......#.#
....###.z.......#
.. #.........#
##.........#
#........@...#
.............#
##...........#
#...........#
#...........#
#...........#
#....########
.###


You could see 2 wights and an orc.

Vanquished Creatures
  A basilisk (D:7)
  2 steam dragons (D:7)
  2 water moccasins (D:6)
  An orc warrior (D:8)
  An ice beast (D:5)
  2 black bears
  A necrophage (D:5)
  2 ogres (D:4)
  4 centaurs
  A phantom (D:4)
  A bullfrog (D:6)
  3 scorpions
  A wyvern zombie (D:7)
  10 wights
  2 howler monkeys (D:8)
  A bullfrog zombie (D:5)
  A crimson imp (D:5)
  A centaur zombie (D:6)
  Crazy Yiuf (D:4)
  3 hounds
  A bullfrog skeleton (D:4)
  A centaur skeleton (D:7)
  3 iguanas
  2 killer bee zombies
  3 hound skeletons (D:5)
  5 adders
  A shadow imp (D:6)
  A white imp (D:6)
  An ufetubus (D:6)
  An adder skeleton (D:4)
  3 worms
  3 dart slugs
  3 orcs
  12 bats
  6 endoplasms
  7 hobgoblins
  3 jackals (D:1)
  6 kobolds
  3 quokkas
  9 ball pythons
  4 frilled lizards
  9 goblins
  2 goblin skeletons (D:5)
  4 hobgoblin zombies (D:5)
  A kobold zombie (D:5)
  An orc skeleton (D:5)
  2 orc zombies (D:5)
  7 rats (D:1)
145 creatures vanquished.

Vanquished Creatures (others)
  12 plants (D:1)
12 creatures vanquished.

Grand Total: 157 creatures vanquished

Notes
Turn   | Place    | Note
-------+----------+-------------------------------------------
     0 | D:1      | Ijustatesigmund the Gargoyle Fighter began the quest for
                  | the Orb.
     0 | D:1      | Reached XP level 1. HP: 14/14 MP: 1/1
   156 | D:1      | Reached XP level 2. HP: 19/19 MP: 2/2
   699 | D:1      | Reached XP level 3. HP: 24/24 MP: 3/3
   717 | D:1      | Reached skill level 4 in Fighting
   769 | D:1      | Found a faded altar of an unknown god.
  2584 | D:2      | Reached XP level 4. HP: 30/30 MP: 4/4
  3226 | D:3      | Found a basalt altar of Yredelemnul.
  3732 | D:4      | Noticed an ogre
  3744 | D:4      | Killed an ogre
  3745 | D:4      | Reached skill level 5 in Fighting
  3745 | D:4      | Reached XP level 5. HP: 35/35 MP: 5/5
  3864 | D:4      | Found Widoroos's Distillery.
  3917 | D:4      | Noticed an ogre
  3927 | D:4      | Killed an ogre
  3928 | D:4      | Reached XP level 6. HP: 41/41 MP: 6/6
  3952 | D:4      | Found a glowing silver altar of Zin.
  3967 | D:4      | Found Puolor's Weapon Emporium.
  3988 | D:4      | Found Zin's Purification Station.
  4015 | D:4      | Found a runed translucent door.
  4016 | D:4      | Noticed Crazy Yiuf
  4027 | D:4      | Killed Crazy Yiuf
  4242 | D:4      | Found Geruk's Jewellery Shop.
  4301 | D:4      | Noticed a black bear
  4313 | D:4      | Killed a black bear
  4314 | D:4      | Reached skill level 6 in Fighting
  4314 | D:4      | Reached skill level 5 in Maces & Flails
  4473 | D:4      | Found a broken altar of Ashenzari.
  4486 | D:4      | Reached XP level 7. HP: 43/47 MP: 7/7
  4824 | D:5      | Entered Level 5 of the Dungeon
  5028 | D:5      | Found a blossoming altar of Fedhas.
  5292 | D:5      | Reached skill level 7 in Fighting
  5343 | D:5      | Found a glowing golden altar of the Shining One.
  5408 | D:5      | Found a staircase to the Ecumenical Temple.
  5421 | Temple   | Entered the Ecumenical Temple
  5524 | D:5      | Reached XP level 8. HP: 31/53 MP: 5/8
  5817 | D:5      | Found a burning altar of Makhleb.
  5921 | D:5      | Found a radiant altar of Vehumet.
  6214 | D:5      | Reached skill level 5 in Armour
  6507 | D:5      | Found a stormy altar of Qazlal.
  6687 | D:6      | Found an opulent altar of Gozag.
  7247 | D:6      | Reached skill level 8 in Fighting
  7530 | D:6      | Reached XP level 9. HP: 49/59 MP: 9/9
  7850 | D:7      | Reached skill level 5 in Shields
  7910 | D:7      | Found a snail-covered altar of Cheibriados.
  8306 | D:7      | Found a hide-covered altar of Uskayaw.
  8592 | D:7      | Reached skill level 9 in Fighting
  8837 | D:8      | HP: 1/90 [orc priest/divine providence (12)]
  8844 | D:8      | Killed from afar by an orc wizard

Illustrated notes

Levels and vault maps discovered:
D:1:      dpeg_arrival_tiny_a, layout_loops_corners, serial_bayou,
          serial_bayou_pond_d, serial_bayou_lagoon_b, serial_bayou_crossing,
          serial_bayou_lake_a, shapermc_ecumenical_altar_mp_ritualfount
D:2:      minmay_diamond_boxcup, layout_loops_ring
D:3:      layout_basic, mainiacjoe_overflow_boulevard
D:4:      minmay_evil_eye, layout_loops_ring, nicolae_overflow_crystal_walls,
          zin_purify, serial_glass, glass_columns_a, glass_columns_a,
          serial_shops, nicolae_shop_waterfront, shop_statue, kennysheep_mini,
          uniq_crazy_yiuf_cottage
D:5:      layout_loops_ring, makhleb_blood_cavern_becter,
          nicolae_tso_besieged_by_evil, fiery_altar_vehumet,
          nicolae_qazlal_eye_of_the_storm, fedhas_bush_and_centaur_altar,
          minmay_temple_entry_tees
D:6:      layout_basic, mainiacjoe_overflow_tiny_flanked, st_stairs_11
D:7:      layout_cave_pools, mainiacjoe_overflow_cross_hatched,
          mainiacjoe_overflow_concentric_impassable, serial_column_ruins,
          column_ruins_hut, column_ruins_open_tiny_water,
          column_ruins_corridor_straight, column_ruins_open_small,
          nicolae_ossuary_entry_ruins
D:8:      layout_basic, mainiacjoe_overflow_catwalk, uniq_gastronok
Temple:   corrupted_temple

Skill      XL: |  1  2  3  4  5  6  7  8  9 |
---------------+----------------------------+-----
Fighting       | 4 5 6 7 8 9 |  9.2
Maces & Flails | 3 4 5 6 7 8 |  8.1
Armour         | 4 6 7 |  7.3
Shields        | 4 6 |  6.1

Action                   |  1- 3 |  4- 6 |  7- 9 || total
-------------------------+-------+-------+-------++-------
Melee: Flail             |   154 |    80 |       ||   234
       Mace              |       |    46 |   551 ||   597
Throw: Javelin           |       |    10 |     2 ||    12
  Use: Scroll            |     3 |     3 |     2 ||     8
       Potion            |       |     2 |     4 ||     6
Armor: Scale mail        |    83 |    66 |   378 ||   527
Dodge: Dodged            |    96 |    66 |   319 ||   481
Block: Buckler           |    22 |    13 |   126 ||   161

Table legend: (Time is in decaauts)
 A = Elapsed time spent in this place.
 B = Non-inter-level travel time spent in this place.
 C = Inter-level travel time spent in this place.
 D = Time resting spent in this place.
 E = Time spent auto-exploring this place.
 F = Levels seen in this place.
 G = Mean time per level.
                   A        B        C        D        E       F      G
               +--------+--------+--------+--------+--------+-----+--------+
         Total |   8956 |   8824 |    132 |   1685 |   5587 |   9 |  995.1 |
       Dungeon |   8915 |   8795 |    120 |   1685 |   5563 |   8 | 1114.4 |
        Temple |     40 |     28 |     12 |      0 |     24 |   1 |   40.0 |
               +--------+--------+--------+--------+--------+-----+--------+

Top non-repeatable levels by time:
     D:5: 1584 daAuts
     D:2: 1496 daAuts
     D:1: 1491 daAuts
     D:4: 1263 daAuts
     D:6: 1243 daAuts
     D:7: 968 daAuts
     D:3: 802 daAuts
     D:8: 64 daAuts
  Temple: 40 daAuts
